 Dungeon Crawl Stone Soup version 0.29-a0-25-g7f48f510a0 (webtiles) character file.

Game seed: 895467742493950015

2142 Ajdolov the Geomancer (level 9, -1/51 HPs)
             Began as an Octopode Earth Elementalist on Feb 1, 2022.
             Was an Initiate of Vehumet.
             Slain by an orc (7 damage)
             ... on level 7 of the Dungeon.
             The game lasted 00:16:30 (8203 turns).

Ajdolov the Geomancer (Octopode Earth Elementalist) Turns: 8203, Time: 00:16:32

Health: -1/51      AC:  1    Str:  8    XL:     9   Next: 30%
Magic:  5/14       EV: 13    Int: 21    God:    Vehumet [......]
Gold:   350        SH:  0    Dex: 12    Spells: 11/15 levels left

rFire   . . .      SeeInvis .   w - +0 quarterstaff
rCold   . . .      Faith    .   (shield currently unavailable)
rNeg    . . .      Spirit   .   (helmet restricted)
rPois   .          Reflect  .   q - amulet of the acrobat
rElec   .          Harm     .   (no ring)
rCorr   .          Rampage  .   (no ring)
Will    .....                   (no ring)
Stlth   +++.......              (no ring)
HPRegen 0.17/turn               (no ring)
MPRegen 0.14/turn               (no ring)
                                (no ring)
                                (no ring)

@: flying
A: almost no armour, amphibious, 8 rings, camouflage 1, gelatinous body 1,
(nimble swimmer 1), tentacles
a: Renounce Religion


You were on level 7 of the Dungeon.
You worshipped Vehumet.
Vehumet was noncommittal.
You visited 2 branches of the dungeon, and saw 8 of its levels.
You also visited: Ossuary.

You collected 350 gold pieces.

Inventory:

Hand Weapons
 w - a +0 quarterstaff (weapon)
Missiles
 f - 6 poisoned darts
 j - 37 stones
Magical Staves
 r - a staff of fire
Jewellery
 q - an amulet of the acrobat (around mantle)
Wands
 o - a wand of charming (3)
 u - a wand of iceblast (3)
 y - a wand of digging (6)
Scrolls
 a - a scroll of amnesia {unknown}
 b - a scroll of enchant weapon {unknown}
 d - a scroll of torment {unknown}
 i - a scroll of magic mapping {unknown}
 k - 6 scrolls of teleportation {unknown}
 l - 7 scrolls of identify {unknown}
 m - 2 scrolls of fear {unknown}
 n - 2 scrolls of fog {unknown}
 t - a scroll of enchant armour {unknown}
 v - a scroll of immolation {unknown}
 x - a scroll of vulnerability {unknown}
Potions
 c - 4 potions of invisibility {unknown}
 e - a potion of might {unknown}
 g - 2 potions of curing {unknown}
 h - 4 potions of flight
 p - 3 potions of attraction {unknown}
 s - 2 potions of haste {unknown}


   Skills:
 - Level 2.0 Dodging
 - Level 2.6 Stealth
 + Level 3.8 Spellcasting
 + Level 6.6 Conjurations
 * Level 5.2 Transmutations
 + Level 8.1 Earth Magic


You had 11 spell levels left.
You knew the following spells:

 Your Spells              Type           Power      Damage    Failure   Level
a - Sandblast             Erth           76%        2d16      1%          1
b - Stone Arrow           Conj/Erth      70%        3d11      1%          3

Your spell library contained the following spells:

 Spells                   Type           Power      Damage    Failure   Level
 Passwall                 Tmut/Erth      26%        N/A       1%          2
 Petrify                  Tmut/Erth      32%        N/A       8%          4
 Apportation              Tloc           8%         N/A       12%         1
 Inner Flame              Hex/Fire       4%         N/A       36%         3
 Ozocubu's Armour         Ice            4%         N/A       36%         3
 Portal Projectile        Hex/Tloc       8%         N/A       36%         3
 Blade Hands              Tmut           13%        N/A       36%         5
 Alistair's Intoxication  Tmut/Pois      10%        N/A       75%         5
 Cause Fear               Hex            2%         N/A       77%         4
 Excruciating Wounds      Necr           2%         N/A       98%         5
 Metabolic Englaciation   Hex/Ice        2%         N/A       98%         5
 Simulacrum               Ice/Necr       2%         N/A       100%        6
 Discord                  Hex            2%         N/A       100%        8


Dungeon Overview and Level Annotations

Branches:
Dungeon (7/15)             Temple (1/1) D:5         Ossuary (visited)

Altars:
Cheibriados
Elyvilon
Gozag
Hepliaklqana
Makhleb
Qazlal
Ru
Sif Muna
Trog
Vehumet
Yredelemnul
Zin

Annotations:
D:2 exclusion: adder, Natasha
D:4 1 runed translucent door, Crazy Yiuf
D:6 exclusions: door, two-headed ogre and yak


Innate Abilities, Weirdness & Mutations

You cannot wear most types of armour.
You are amphibious.
You can wear up to eight rings at the same time.
Your skin changes colour to match your surroundings (Stealth+).
Your rubbery body absorbs attacks. (AC +1, EV +1)
((You are camouflaged when in or above water. (Stealth+)))
You have tentacles for arms and can constrict up to eight enemies at once.


Message History

Unknown command.
There is an open door here.
Something hits you!
There is a stone staircase leading up here.
Casting: Stone Arrow (safe; 1% risk of failure)
Confirm with . or Enter, or press ? or * to list all spells.
You can't see any susceptible monsters within range! (Use Z to cast anyway.)
Something closely misses you. Something hits you!
There is an open door, spattered with blood here.
Casting: Stone Arrow (safe; 1% risk of failure)
Confirm with . or Enter, or press ? or * to list all spells.
You can't see any susceptible monsters within range! (Use Z to cast anyway.) Unknown command.
Casting: Stone Arrow (safe; 1% risk of failure)
Confirm with . or Enter, or press ? or * to list all spells.
Aiming: Stone Arrow (safe; 1% risk of failure)
Press: ? - help, Shift-Dir - straight line You hear a shout!
You hear an angry hiss.
A steam dragon comes into view.
An orc comes into view. It is wielding a +0 short sword.
The steam dragon hisses angrily.
You hear an angry growl.
You hear a bark!
Casting: Stone Arrow (safe; 1% risk of failure)
Confirm with . or Enter, or press ? or * to list all spells.
Aiming: Stone Arrow (safe; 1% risk of failure)
Press: ? - help, Shift-Dir - straight line The stone arrow hits something!
Something hits you.
Casting: Stone Arrow (safe; 1% risk of failure)
Confirm with . or Enter, or press ? or * to list all spells.
Aiming: Stone Arrow (safe; 1% risk of failure)
Press: ? - help, Shift-Dir - straight line The stone arrow hits something!
Something hits you.
* * * LOW HITPOINT WARNING * * *
The steam dragon barely misses you. x2; The orc barely misses you.
It was a potion of flight.
You feel very buoyant.
You fly up into the air.
Something hits you!
* * * LOW HITPOINT WARNING * * *
The steam dragon closely misses you. The steam dragon barely misses you.
The orc hits you with a +0 short sword!
You die...

##+## ##
#...#
♣.♣
♣...♣♣o♣
+>8<'@♣
♣...♣♣D♣
#...#
♣.♣
##+## ##


You could see a steam dragon and an orc.

Vanquished Creatures
  Grinder (D:3)
  A black bear (D:6)
  A hornet zombie (D:6)
  2 necrophages
  2 ice beasts (D:6)
  An ogre (D:5)
  A phantom (D:6)
  An elf zombie (Ossuary)
  A bullfrog (D:5)
  6 scorpions
  A water moccasin skeleton (D:4)
  2 bullfrog zombies
  3 centaur zombies (Ossuary)
  A jelly (D:5)
  A hound (D:6)
  A centaur skeleton (D:6)
  An orc priest (D:5)
  2 human zombies (Ossuary)
  3 iguanas
  2 orc wizards (D:5)
  3 hound skeletons
  2 mummies (Ossuary)
  6 adders
  2 shadow imps
  A white imp (D:5)
  2 worms
  An adder skeleton (D:4)
  2 dart slugs
  8 orcs
  7 endoplasms
  2 giant cockroaches
  3 goblins
  3 hobgoblins
  6 jackals
  4 kobolds
  2 quokkas
  7 ball pythons
  5 bats
  4 frilled lizards
  A goblin zombie (Ossuary)
  10 hobgoblin zombies (Ossuary)
  A jackal zombie (Ossuary)
  10 kobold zombies (Ossuary)
  7 orc zombies (Ossuary)
  4 rats
  A rat zombie (Ossuary)
  A spectral goblin (D:2)
139 creatures vanquished.

Notes
Turn   | Place    | Note
-------+----------+-------------------------------------------
     0 | D:1      | Ajdolov the Octopode Earth Elementalist began the quest for
                  | the Orb.
     0 | D:1      | Reached XP level 1. HP: 11/11 MP: 3/3
   406 | D:1      | Reached XP level 2. HP: 17/17 MP: 1/5
   777 | D:1      | Reached skill level 4 in Earth Magic
   920 | D:1      | You fall into a shaft and drop 1 floor!
   920 | D:2      | Noticed Natasha
   932 | D:2      | Reached XP level 3. HP: 21/21 MP: 6/6
   997 | D:2      | Found a faded altar of an unknown god.
  1068 | D:2      | Learned a level 3 spell: Stone Arrow
  2111 | D:2      | Reached skill level 1 in Conjurations
  2212 | D:3      | Noticed Grinder
  2256 | D:3      | Reached XP level 4. HP: 27/27 MP: 7/7
  2547 | D:3      | Killed Grinder
  2548 | D:3      | Reached skill level 5 in Earth Magic
  2548 | D:3      | Reached XP level 5. HP: 25/31 MP: 0/8
  2548 | D:3      | Reached XP level 6. HP: 29/36 MP: 0/9
  3453 | D:4      | Reached skill level 6 in Earth Magic
  3747 | D:4      | Noticed a necrophage
  3772 | D:4      | Killed a necrophage
  3773 | D:4      | Reached XP level 7. HP: 41/41 MP: 6/10
  4000 | D:4      | Found a runed translucent door.
  4001 | D:4      | Noticed Crazy Yiuf
  4349 | D:5      | Entered Level 5 of the Dungeon
  4430 | D:5      | Found a sand-covered staircase.
  4437 | D:5      | Reached skill level 5 in Conjurations
  4469 | D:5      | Reached skill level 7 in Earth Magic
  4508 | Ossuary  | Entered an ossuary
  4742 | Ossuary  | Reached XP level 8. HP: 21/46 MP: 5/11
  6278 | D:5      | Found a staircase to the Ecumenical Temple.
  6444 | Temple   | Entered the Ecumenical Temple
  6667 | Temple   | Became a worshipper of Vehumet
  6736 | D:6      | Noticed a two-headed ogre
  6800 | D:6      | Found a burning altar of Makhleb.
  6965 | D:6      | Noticed a yak
  6989 | D:6      | Reached XP level 9. HP: 51/51 MP: 6/14
  7110 | D:6      | Reached skill level 8 in Earth Magic
  7520 | D:6      | Reached skill level 5 in Transmutations
  8203 | D:7      | Slain by an orc

Illustrated notes

Levels and vault maps discovered:
D:1:      dpeg_arrival_round_c, layout_loops_ring
D:2:      layout_basic, dreamdust_ecumenical_altar_drowned_temple,
          kennysheep_decorative_pillar, uniq_natasha
D:3:      layout_basic, uniq_grinder
D:4:      layout_gridville, kennysheep_generic_room_4, uniq_crazy_yiuf_cottage
D:5:      layout_loops_ring, temple_doors_cd, nicolae_ossuary_entry_ruins
D:6:      layout_basic, overflow_temple_1_default, kennysheep_small_square
D:7:      nzn_winding_woodlands_stair_cross
          [nzn_winding_woodlands_5x15_sidewinder,
          nzn_winding_woodlands_center_diamonds,
          nzn_winding_woodlands_5x15_default,
          nzn_winding_woodlands_5x5_closed_star,
          nzn_winding_woodlands_5x5_perimeter, nzn_winding_woodlands_5x15_cabin,
          nzn_winding_woodlands_center_garden,
          nzn_winding_woodlands_5x15_pathside_ponds], layout_loops_ring,
          uniq_prince_ribbit1
Temple:   mainiacjoe_temple_trianglar_array

Skill      XL: |  1  2  3  4  5  6  7  8  9 |
---------------+----------------------------+-----
Earth Magic    | 4 5 6 7 8 |  8.1
Conjurations   | 1 3 4 5 6 |  6.6
Transmutations | 4 5 |  5.2
Spellcasting   | 3 |  3.8
Dodging        | |  2.0
Stealth        | |  2.6

Action                   |  1- 3 |  4- 6 |  7- 9 || total
-------------------------+-------+-------+-------++-------
Melee: Unarmed           |    48 |       |       ||    48
       Tentacles         |    16 |    12 |    35 ||    63
       Constrict         |    16 |    10 |    33 ||    59
       Dagger            |    12 |    34 |    98 ||   144
       Punch             |     1 |       |     2 ||     3
       Rapier            |       |       |     5 ||     5
       Quarterstaff      |       |       |     5 ||     5
 Cast: Sandblast         |    14 |    34 |    53 ||   101
       Stone Arrow       |       |       |    42 ||    42
  Use: Potion            |       |       |     1 ||     1
 Stab: Sleeping          |    13 |     5 |     3 ||    21
Armor: Skin              |     2 |     2 |    23 ||    27
Dodge: Dodged            |    40 |    20 |   144 ||   204

Table legend: (Time is in decaauts)
 A = Elapsed time spent in this place.
 B = Non-inter-level travel time spent in this place.
 C = Inter-level travel time spent in this place.
 D = Time resting spent in this place.
 E = Time spent auto-exploring this place.
 F = Levels seen in this place.
 G = Mean time per level.
                   A        B        C        D        E       F      G
               +--------+--------+--------+--------+--------+-----+--------+
         Total |   8207 |   7875 |    332 |    880 |   5700 |   9 |  911.9 |
       Dungeon |   7344 |   7027 |    317 |    801 |   5262 |   7 | 1049.1 |
        Temple |    260 |    245 |     15 |      0 |    239 |   1 |  260.0 |
       Ossuary |    601 |    601 |      0 |     79 |    199 |   1 |  601.0 |
               +--------+--------+--------+--------+--------+-----+--------+

Top non-repeatable levels by time:
     D:5: 1502 daAuts
     D:6: 1442 daAuts
     D:2: 1133 daAuts
     D:3: 1128 daAuts
     D:1: 1101 daAuts
     D:4: 1025 daAuts
 Ossuary: 601 daAuts
  Temple: 260 daAuts
     D:7: 12 daAuts
